 Dungeon Crawl Stone Soup version 0.19-a0-1792-g28b16ba (webtiles) character file.

310 kae the Shield-Bearer (level 6, -3/75 HPs)
             Began as a Formicid Fighter on Oct 4, 2016.
             Slain by an orc warrior
             ... wielding a +0 dire flail
              (5 damage)
             ... on level 5 of the Dungeon.
             The game lasted 00:03:27 (3790 turns).

kae the Shield-Bearer (Formicid Fighter)            Turns: 3790, Time: 00:03:28

Health: -3/75      AC: 23    Str: 23    XL:     6   Next: 70%
Magic:  6/6        EV:  2    Int:  7    God:
Gold:   202        SH: 10    Dex: 10    Spells: 0 memorised, 5 levels left

rFire  . . .     SeeInvis .     y - +0 great sword
rCold  . . .     Gourm    .     (armour currently unavailable)
rNeg   + + +     Faith    .     c - +0 shield
rPois  +         Spirit   .     (helmet unavailable)
rElec  .         Dismiss  .     (cloak currently unavailable)
rCorr  .         Reflect  .     (gloves currently unavailable)
MR     .....     Harm     .     (boots currently unavailable)
Stlth  +.........               (no amulet)
                                (no ring)
                                i - +4 ring of evasion

@: tree-form
A: permanent stasis, dig shafts and tunnels, four strong arms, (antennae 0)
a: no special abilities


You were on level 5 of the Dungeon.
You were not hungry.
You were a tree.
You visited 1 branch of the dungeon, and saw 5 of its levels.

You collected 202 gold pieces.

Inventory:

Hand Weapons
 a - a +0 long sword
 y - a +0 great sword (weapon)
Armour
 b - a +0 scale mail (melded)
 c - a +0 shield (worn)
 o - a +0 pair of boots (melded)
Jewellery
 i - a +4 ring of evasion (left branch)
Wands
 t - a wand of acid (15/15)
Scrolls
 e - a scroll of recharging
 h - 4 scrolls of identify {unknown}
 m - 3 scrolls of noise {unknown}
 q - a scroll of enchant weapon {unknown}
 u - a scroll of amnesia {unknown}
 w - a scroll of remove curse {unknown}
 x - a scroll of magic mapping {unknown}
Potions
 d - 4 potions of might
 j - a potion of cure mutation {unknown}
 k - a potion of heal wounds {unknown}
 l - 2 potions of lignification
 n - a potion of degeneration {unknown}
 p - a potion of curing {unknown}
 v - a potion of berserk rage {unknown}
Comestibles
 f - 3 bread rations
 r - a meat ration


   Skills:
 + Level 4.8 Fighting
 * Level 4.8 Long Blades
 - Level 3.2 Armour
 + Level 5.2 Shields


You had 5 spell levels left.
You didn't know any spells.

Dungeon Overview and Level Annotations

Branches:
Dungeon (5/15)
 Temple: D:4-7

Altars:
Makhleb
Vehumet


Innate Abilities, Weirdness & Mutations

You are under a permanent stasis effect.
You can dig through walls and to a lower floor.
Your four strong arms can wield two-handed weapons with a shield.
((You have a pair of large antennae on your head. (SInv)))


Message History

The orc warrior hits you with a dire flail!
There is a stone staircase leading up here.
Okay, then.
Okay, then.
As you read the scroll labeled WIBLAU UMUR, it crumbles to dust.
It is a scroll of recharging.
Charge which item? (? for menu, Esc to quit)
Your wand of acid glows for a moment.
The orc warrior hits you with a dire flail.
As you read the scroll labeled GOMAPI ZEFRE, it crumbles to dust.
The creatures around you are filled with an inner flame!
It was a scroll of immolation.
The orc warrior hits you with a dire flail!!
* * * LOW HITPOINT WARNING * * *
It was a potion of lignification.
You turn into a tree.
Your +0 pair of boots melds into your body.
Your +0 scale mail melds into your body.
Your roots penetrate the ground.
The orc warrior hits you with a dire flail.
You die...

#####[.....#
#...#.....##
♣.....)..##
#...)...###
#####.........#
.#..............
....?...........
.......o........
.......♣........
#...............
#...............
#...............
..........(..!.
###.....##?..%.
####.## ##### #.


You could see an orc warrior (inner flame).

Vanquished Creatures
  An orc wizard (D:3)
  3 worker ants (D:4)
  A hound skeleton (D:4)
  Robin (D:2)
  6 gnolls
  3 adders
  4 worms
  3 dart slugs (D:2)
  A leopard gecko (D:4)
  8 orcs
  2 ball pythons
  5 giant cockroaches
  11 goblins
  6 hobgoblins
  7 jackals
  5 kobolds
  A quokka (D:3)
  7 bats
  A frilled lizard (D:2)
  A jackal skeleton (D:4)
  A leopard gecko skeleton (D:3)
  9 rats
87 creatures vanquished.

Vanquished Creatures (others)
  4 toadstools (D:1)
4 creatures vanquished.

Grand Total: 91 creatures vanquished

Notes
Turn   | Place    | Note
-------+----------+-------------------------------------------
     0 | D:1      | kae the Formicid Fighter began the quest for the Orb.
     0 | D:1      | Reached XP level 1. HP: 18/18 MP: 1/1
    32 | D:1      | Reached XP level 2. HP: 21/24 MP: 2/2
   286 | D:1      | Reached XP level 3. HP: 24/29 MP: 3/3
   853 | D:2      | Reached skill level 4 in Shields
   867 | D:2      | Reached XP level 4. HP: 31/37 MP: 4/4
   893 | D:2      | Noticed Robin
   927 | D:2      | Killed Robin
  1433 | D:2      | Found a burning altar of Makhleb.
  1433 | D:2      | Found a radiant altar of Vehumet.
  1729 | D:3      | Reached XP level 5. HP: 35/42 MP: 5/5
  2705 | D:3      | Reached XP level 6. HP: 25/49 MP: 6/6
  3288 | D:4      | Reached skill level 5 in Shields
  3772 | D:5      | Entered Level 5 of the Dungeon
  3774 | D:5      | Noticed an orc warrior
  3789 | D:5      | HP: 1/50 [orc warrior/dire flail (19)]
  3790 | D:5      | Slain by an orc warrior

Vault maps used:
D:1:      ldierk_walled_garden_2, corexii_hall_statues_l,
          hangedman_decor_slide_cut
D:2:      gammafunk_temple_overflow_elements, minmay_misc_feat_square,
          minmay_misc_feat_five, kennysheep_generic_room_3, uniq_robin
D:4:      kb_forest_paths, first_bread
D:5:      grunt_temple_overflow_diamond, minmay_misc_feat_tower,
          elyvilon_altar_1, uniq_prince_ribbit1, uniq_pikel

Skill      XL: |  1  2  3  4  5  6 |
---------------+-------------------+-----
Long Blades    | 3 4 |  4.8
Shields        | 4 5 |  5.2
Fighting       | 4 |  4.8
Armour         | |  3.2

Action                   |  1- 3 |  4- 6 || total
-------------------------+-------+-------++-------
Melee: Long sword        |   118 |   214 ||   332
       Great sword       |       |    14 ||    14
 Abil: Dig               |     1 |     4 ||     5
  Use: Scroll            |       |     2 ||     2
       Potion            |       |     1 ||     1
  Eat: Chunk             |       |    10 ||    10
Armor: Scale mail        |    55 |    72 ||   127
Dodge: Dodged            |    41 |    91 ||   132
Block: Shield            |    59 |   135 ||   194
       Rpst.: Long sword |    14 |    24 ||    38
       Great sword       |       |     5 ||     5
